 Dungeon Crawl Stone Soup version 0.29.1-12-g30fa7ad0bf (webtiles) character file.

Game seed: 1875678913467888960

23 H0rd4k the Charlatan (level 3, 0/24 HPs)
             Began as an Octopode Artificer on Dec 19, 2022.
             Slain by a gnoll
             ... wielding a +0 halberd
              (7 damage)
             ... on level 2 of the Dungeon.
             The game lasted 00:00:52 (1294 turns).

H0rd4k the Charlatan (Octopode Artificer)           Turns: 1294, Time: 00:00:53

Health: 0/24       AC:  1    Str: 11    XL:     3   Next: 0%
Magic:  5/5        EV: 13    Int: 15    God:
Gold:   41         SH:  0    Dex: 12    Spells: 4/4 levels left

rFire   . . .      SeeInvis .   (no weapon)
rCold   . . .      Faith    .   (no shield)
rNeg    . . .      Spirit   .   (helmet restricted)
rPois   .          Reflect  .   (no amulet)
rElec   .          Harm     .   (no ring)
rCorr   .          Rampage  .   (no ring)
Will    .....                   (no ring)
Stlth   +++.......              (no ring)
HPRegen 0.08/turn               (no ring)
MPRegen 0.09/turn               (no ring)
                                (no ring)
                                (no ring)

@: no status effects
A: almost no armour, amphibious, 8 rings, camouflage 1, gelatinous body 1,
(nimble swimmer 1), tentacles
a: no special abilities


You were on level 2 of the Dungeon.
You visited 1 branch of the dungeon, and saw 2 of its levels.

You collected 41 gold pieces.

Inventory:

Missiles
 k - 5 atropa-tipped darts
Magical Staves
 i - a staff of air
Wands
 b - a wand of flame (13) (quivered)
 c - a wand of charming (13)
 d - a wand of iceblast (5)
Scrolls
 e - a scroll of poison {unknown}
 g - a scroll of enchant weapon {unknown}
Potions
 a - 3 potions of lignification {unknown}
 f - a potion of degeneration {unknown}
 h - 4 potions of curing {unknown}
 j - a potion of might {unknown}
 l - a potion of magic {unknown}


   Skills:
 * Level 1.9 Fighting
 - Level 2.3 Dodging
 - Level 1.3 Stealth
 + Level 0.6 Unarmed Combat
 * Level 1.4 Spellcasting
 - Level 3.2 Evocations


You had 4 spell levels left.
You didn't know any spells.
Your spell library was empty.

Dungeon Overview and Level Annotations

Branches:
Dungeon (2/15)

Altars:


Innate Abilities, Weirdness & Mutations

You cannot wear most types of armour.
You are amphibious.
You can wear up to eight rings at the same time.
Your skin changes colour to match your surroundings (Stealth+).
Your rubbery body absorbs attacks. (AC +1, EV +1)
((You are camouflaged when in or above water. (Stealth+)))
You have tentacles for arms and can constrict up to eight enemies at once.


Message History

Really attack your gnoll?
You tentacle-slap your gnoll.
The gnoll is no longer charmed.
Your grab misses the gnoll.
The gnoll is severely wounded.
The gnoll misses you.
Aiming: Throw Flame
Press: ? - help, Shift-Dir - straight line, f/p - gnoll
Aim: a gnoll, wielding a +0 whip (severely wounded, 75% to hit)
The puff of flame hits the gnoll.
The gnoll is almost dead.
The gnoll hits you with a +0 whip.
Unknown command.
Aiming: Throw Flame
Press: ? - help, Shift-Dir - straight line, f/p - gnoll
Aim: a gnoll, wielding a +0 whip (almost dead, 75% to hit)
The puff of flame hits the gnoll!
You kill the gnoll!
You have reached level 3!
Your experience leads to an increase in your attributes!
Increase (S)trength, (I)ntelligence, or (D)exterity?
You feel clever. x2
Magic restored.
You see here a +0 whip.
A gnoll comes into view. It is wielding a +0 halberd.
A gnoll is nearby!
A gnoll is nearby!
A gnoll is nearby!
A gnoll comes into view.
It is wielding a +0 whip of electrocution.
There are monsters nearby!
The gnoll shouts! x2; You hear a bark!
The gnoll misses you.
The gnoll hits you with a +0 whip of electrocution!
You tentacle-slap the gnoll. Your grab misses the gnoll.
The gnoll is lightly wounded.
The gnoll completely misses you. The gnoll closely misses you.
The gnoll attacks as you move away! The gnoll closely misses you.
The gnoll attacks as you move away! The gnoll hits you with a +0 halberd!
* * * LOW HITPOINT WARNING * * *
The gnoll hits you from afar with a +0 halberd!
You die...

#####.##..................
#.....######.##..........#
#.##### #.##.......##..
#.# #.############.
#.##########..............
#...).....################
#########.# .h.#.#
#######.#@# #......g..#
..####g### #.# #.# .
..####.####....
........g..g....
#######.#######. ..?#


You could see 2 gnolls.

Vanquished Creatures
  A gnoll (D:2)
  A dart slug (D:2)
  A bat (D:2)
  A giant cockroach (D:2)
  2 hobgoblins
  2 jackals (D:2)
  A ball python (D:1)
  A kobold (D:1)
  A rat (D:1)
11 creatures vanquished.

Vanquished Creatures (others)
  An adder (D:2)
1 creature vanquished.

Grand Total: 12 creatures vanquished

Notes
Turn   | Place    | Note
-------+----------+-------------------------------------------
     0 | D:1      | H0rd4k the Octopode Artificer began the quest for the Orb.
     0 | D:1      | Reached XP level 1. HP: 13/13 MP: 1/1
   812 | D:2      | Reached skill level 1 in Spellcasting
   812 | D:2      | Reached XP level 2. HP: 11/18 MP: 3/3
  1120 | D:2      | Reached XP level 3. HP: 10/24 MP: 3/5
  1294 | D:2      | Slain by a gnoll

Illustrated notes

Levels and vault maps discovered:
D:1:      psy_arrival_basics, layout_rooms
D:2:      layout_basic, nicolae_ecumenical_lake_church, minmay_pentomino_p4

Skill      XL: |  1 |
---------------+----+-----
Spellcasting   | 1 |  1.4
Fighting       | |  1.9
Dodging        | |  2.3
Stealth        | |  1.3
Unarmed Combat | |  0.6
Evocations     | |  3.2

Action                   || total
-------------------------++-------
Melee: Unarmed           ||    40
       Constrict         ||    11
       Tentacles         ||     5
       Punch             ||     1
Evoke: Wand              ||     4
 Stab: Sleeping          ||     3
Armor: Skin              ||     4
Dodge: Dodged            ||    37
